 Dungeon Sprint DCSS version 0.21-a0-274-gc1afaeb (webtiles) character file.

50985 potatolord6000 the Executioner (level 14, -49/149 HPs)
             Began as a Hill Orc Fighter on Sept 19, 2017.
             Was the Champion of Beogh.
             Killed from afar by Cerebov (53 damage)
             ... with a great blast of fire
             ... in the Dungeon (Sprint VII: "The Pits").
             The game lasted 00:22:05 (4059 turns).

potatolord6000 the Executioner (Hill Orc Fighter)   Turns: 4059, Time: 00:22:06

Health: -49/149    AC: 29    Str: 30    XL:     14   Next: 57%
Magic:  1/28       EV:  8    Int: 13    God:    Beogh [******]
Gold:   58         SH: 25    Dex: 15    Spells: 13/13 levels left

rFire    . . .     SeeInvis +   s - +9 broad axe (freeze)
rCold    . . .     Gourm    .   t - +1 large shield
rNeg     . . .     Faith    .   g - +6 chain mail
rPois    .         Spirit   .   r - +2 hat
rElec    .         Reflect  .   a - +0 cloak
rCorr    +         Harm     .   h - +1 pair of gloves
MR       +....     Rnd*Rage +   z - +0 pair of boots "Enexehoa" {rCorr Dex+5 SInv} Stlth ..........NoTele +
                                (no amulet)
HPRegen  0.34/turn              b - +3 ring of strength
MPRegen  0.21/turn              e - +3 ring of strength

@: brilliant, very slightly contaminated
A: walk on water, berserk 1
a: Smiting, Recall Orcish Followers, Give Item to Named Follower, Resurrection,
Renounce Religion


You were in the Dungeon.
You worshipped Beogh.
Beogh was exalted by your worship.
You were full.

You visited 1 branch You collected 58 gold pieces.

Inventory:

Hand Weapons
 s - a +9 broad axe of freezing (weapon)
Armour
 a - a +0 cloak (worn)
 g - a +6 chain mail (worn)
 h - a +1 pair of gloves (worn)
 r - a +2 hat (worn)
 t - a +1 large shield (worn)
 z - the +0 pair of boots "Enexehoa" (worn) {rCorr Dex+5 SInv}
   (You found it in the Dungeon)

   It affects your dexterity (+5).
   It lets you see invisible.
   It protects you from acid and corrosion.
Jewellery
 b - a +3 ring of strength (left hand)
 e - a +3 ring of strength (right hand)
Scrolls
 m - 4 scrolls of remove curse
 n - 5 scrolls of amnesia
 o - a scroll of summoning
 v - a scroll of fog
 x - 2 scrolls of recharging
 y - a scroll of identify
Potions
 d - 8 potions of curing
 j - 2 potions of berserk rage
 l - 2 potions of invisibility
Comestibles
 f - 10 bread rations
 p - 40 fruits
 q - 3 meat rations


   Skills:
 + Level 20.3 Fighting
 + Level 21.7 Axes
 + Level 18.9 Armour
 + Level 19.0 Shields
 + Level 21.4 Invocations


You had 13 spell levels left.
You didn't know any spells.

Dungeon Overview and Level Annotations

Branches:
Dungeon (1/1)

Altars:
Ashenzari
Cheibriados
Dithmenos
Elyvilon
Fedhas
Gozag
Hepliaklqana
Kikubaaqudgha
Makhleb
Nemelex Xobeh
Okawaru
Qazlal
Ru
Sif Muna
Trog
Uskayaw
Vehumet
Wu Jian
Xom
Yredelemnul
Zin
The Shining One
Beogh
Jiyva
Lugonu

Annotations:
D Cerebov


Innate Abilities, Weirdness & Mutations

You can walk on water.
You tend to lose your temper in combat.


Message History

Your orc warlord hits Cerebov with an uncursed war axe!
Your orc warlord hits the daeva with an uncursed war axe!!
The daeva dies!
Beogh accepts your kill.
Your Shields skill increases to level 19!
Your orc warlord barely misses the Tzitzimitl.
Cerebov gestures.
Unknown command.
Unknown command.
Unknown command.
Aiming: Smiting
Press: ? - help, Dir - move target cursor, f - Cerebov Smite: Cerebov, wielding a great serpentine sword {flame} (almost dead, fast, poisoned, covered in acid)
You smite Cerebov!
Cerebov is almost dead.
Your orc warlord is no longer more vulnerable to fire.
Bogbrand hits Cerebov with a war axe.
Cerebov gestures at you.
A raging storm of fire appears!
The great blast of fire engulfs you!
You die...

..#### ####... ...... ...)...
...(.)##Y...... ........(A.....
####)2#### #####++####
##....)).o#### #..........
#....).##.&)1..#####..........
.........)o().....''..#....#..
...........†.@..))|'..........
####################..........
#######################..#....#..
#....................''..........
#....................''..........
#..################..##..#....#..
#..##.#.#.#[#.#.#)#..##..........
#..#.#.#.#.#.#.#.#'..##..........
#..##.#.#)#.#}#)#)#..####''####''


You could see Cerebov, a Tzitzimitl, a green death, a friendly orc warlord and
the friendly Bogbrand the orc knight.

Vanquished Creatures
  A deep elf blademaster (D)
  A sphinx (D)
  Gastronok (D)
  An orc warlord (D)
  A balrug (D)
  A frost giant (D)
  A vampire knight (D)
  A green draconian (D)
  A stone giant (D)
  A deep elf annihilator (D)
  A white draconian (D)
  A purple draconian (D)
  2 vault guards (D)
  A catoblepas (D)
  A hydra (D)
  2 naga warriors (D)
  An anaconda (D)
  A merfolk avatar (D)
  An alligator snapping turtle (D)
  Erica (D)
  2 death knights (D)
  A dancing weapon (D)
  2 vampire magi (D)
  A soul eater (D)
  A shadow wraith (D)
  2 unseen horrors (D)
  A large abomination (D)
  A sea snake (D)
  2 swamp dragons (D)
  A spriggan druid (D)
  A phantasmal warrior (D)
  A harpy (D)
  5 orc knights (D)
  2 deep elf magi (D)
  A manticore (D)
  A rust devil (D)
  A guardian serpent (D)
  An elephant (D)
  2 gargoyles (D)
  An orange demon (D)
  An eye of devastation (D)
  A molten gargoyle (D)
  A rime drake (D)
  A yaktaur (D)
  A hellwing (D)
  2 ice devils (D)
  A guardian mummy (D)
  A polar bear (D)
  A hornet (D)
  A wind drake (D)
  A bog body (D)
  A blink frog (D)
  2 hippogriffs (D)
  4 redbacks (D)
  A spriggan (D)
  An air elemental (D)
  A wyvern (D)
  A tarantella (D)
  A water elemental (D)
  3 wraiths (D)
  A shadow (D)
  5 yaks (D)
  A hungry ghost (D)
  Grum (D)
  A steam dragon (D)
  3 neqoxecs (D)
  A small abomination (D)
  3 acid dragons (D)
  A soldier ant (D)
  2 orc warriors (D)
  A phantom (D)
  2 eyes of draining (D)
  An ogre (D)
  4 wolves (D)
  A crocodile (D)
  A big kobold (D)
  Blork the orc (D)
  2 bullfrogs (D)
  A crimson imp (D)
  A jelly (D)
  A quasit (D)
  An orc priest (D)
  An orc wizard (D)
  A mummy (D)
  An adder (D)
  2 river rats (D)
  A white imp (D)
  2 ufetubi (D)
  An ooze (D)
  A leopard gecko (D)
  An orc (D)
  A bat (D)
  2 giant cockroaches (D)
  A quokka (D)
  A ball python (D)
  A ball python skeleton (D)
  A jackal zombie (D)
  A kobold (D)
134 creatures vanquished.

Vanquished Creatures (collateral kills)
  A bone dragon (D)
  A daeva (D)
  A nagaraja (D)
  A dire elephant (D)
  A yaktaur captain (D)
  A vault guard (D)
  A naga warrior (D)
  A death knight (D)
  A death yak (D)
  A sixfirhy (D)
  A deep elf knight (D)
  An orc knight (D)
  4 harpies (D)
  2 slime creatures (D)
  2 elephants (D)
  A guardian serpent (D)
  A polar bear (D)
  3 blink frogs (D)
  A tyrant leech (D)
  A redback (D)
  An air elemental (D)
  An earth elemental (D)
  A hell rat (D)
  An adder simulacrum (D)
  An orc (D)
  A ball python (D)
33 creatures vanquished.

Vanquished Creatures (others)
  3 orc warlords (D)
  An orc high priest (D)
  6 orc knights (D)
  An orc priest (D)
  2 orc wizards (D)
  A soldier ant (D)
  An eye of draining (D)
  4 orcs (D)
  A goblin (D)
20 creatures vanquished.

Grand Total: 187 creatures vanquished

Notes
Turn   | Place    | Note
-------+----------+-------------------------------------------
     0 | D        | potatolord6000 the Hill Orc Fighter began the quest for the Orb.
     0 | D        | Reached XP level 1. HP: 19/19 MP: 1/1
    24 | D        | Found a bloodstained altar of Trog.
    24 | D        | Found a deep blue altar of Sif Muna.
    24 | D        | Found a viscous altar of Jiyva.
    24 | D        | Found a hazy altar of Hepliaklqana.
    24 | D        | Found an opulent altar of Gozag.
    48 | D        | Found a glowing golden altar of the Shining One.
    48 | D        | Found a glowing silver altar of Zin.
    48 | D        | Found a basalt altar of Yredelemnul.
    48 | D        | Found a shimmering altar of Xom.
    48 | D        | Found an ornate altar of the Wu Jian Council.
    48 | D        | Found a sacrificial altar of Ru.
    48 | D        | Found a stormy altar of Qazlal.
    48 | D        | Found an iron altar of Okawaru.
    48 | D        | Found a sparkling altar of Nemelex Xobeh.
    48 | D        | Found a burning altar of Makhleb.
    48 | D        | Found a blossoming altar of Fedhas.
    48 | D        | Found a white marble altar of Elyvilon.
    48 | D        | Found a shadowy altar of Dithmenos.
    48 | D        | Found a snail-covered altar of Cheibriados.
    52 | D        | Found a radiant altar of Vehumet.
    52 | D        | Found a corrupted altar of Lugonu.
    52 | D        | Found a roughly hewn altar of Beogh.
    54 | D        | Found an ancient bone altar of Kikubaaqudgha.
    54 | D        | Found a hide-covered altar of Uskayaw.
    54 | D        | Found a shattered altar of Ashenzari.
    62 | D        | Became a worshipper of Beogh the Brigand
    88 | D        | Reached skill level 1 in Invocations
    88 | D        | Reached XP level 2. HP: 20/28 MP: 1/3
   106 | D        | Reached * piety under Beogh
   115 | D        | Noticed a hungry ghost
   120 | D        | Reached ** piety under Beogh
   122 | D        | Reached XP level 3. HP: 21/34 MP: 4/4
   139 | D        | Killed a hungry ghost
   139 | D        | Reached skill level 5 in Invocations
   139 | D        | Reached XP level 4. HP: 40/45 MP: 4/8
   139 | D        | Reached XP level 5. HP: 45/51 MP: 4/9
   322 | D        | Noticed a big kobold
   331 | D        | Reached XP level 6. HP: 58/60 MP: 10/10
   340 | D        | Reached *** piety under Beogh
   353 | D        | Reached **** piety under Beogh
   370 | D        | Noticed a phantom
   387 | D        | Killed a phantom
   393 | D        | Noticed a manticore
   401 | D        | Killed a manticore
   401 | D        | Reached skill level 10 in Axes
   401 | D        | Reached XP level 7. HP: 32/71 MP: 9/14
   586 | D        | Noticed Blork the orc
   592 | D        | Killed Blork the orc
   592 | D        | Reached XP level 8. HP: 79/79 MP: 15/15
   596 | D        | Reached skill level 10 in Fighting
   602 | D        | Reached skill level 10 in Invocations
   610 | D        | Noticed a gargoyle
   611 | D        | Killed a gargoyle
   611 | D        | Reached ***** piety under Beogh
   678 | D        | Killed an unseen horror
   678 | D        | Reached skill level 10 in Armour
   678 | D        | Reached skill level 10 in Shields
   678 | D        | Reached XP level 9. HP: 82/89 MP: 12/17
   814 | D        | Noticed a phantasmal warrior
   818 | D        | Killed a phantasmal warrior
   879 | D        | Noticed a guardian mummy
   884 | D        | Noticed Grum
   894 | D        | Killed a guardian mummy
   898 | D        | Killed Grum
  1110 | D        | Noticed a gargoyle
  1120 | D        | Killed a gargoyle
  1120 | D        | Reached XP level 10. HP: 73/99 MP: 19/19
  1321 | D        | Reached ****** piety under Beogh
  1510 | D        | Noticed an anaconda
  1519 | D        | Killed an anaconda
  1581 | D        | Noticed a large abomination
  1587 | D        | Killed a large abomination
  1765 | D        | Reached XP level 11. HP: 108/108 MP: 17/21
  1808 | D        | Noticed an orc knight
  1825 | D        | Reached skill level 15 in Axes
  1825 | D        | Gained Argrim as an ally
  2112 | D        | Reached skill level 15 in Invocations
  2115 | D        | Killed an unseen horror
  2348 | D        | Noticed a vampire knight
  2355 | D        | Killed a vampire knight
  2355 | D        | Reached skill level 15 in Fighting
  2680 | D        | Killed a shadow wraith
  2731 | D        | Noticed Erica
  2741 | D        | Killed Erica
  2829 | D        | Noticed a swamp dragon
  2833 | D        | Killed a swamp dragon
  2840 | D        | Your ally Argrim died
  2861 | D        | Noticed Gastronok
  2877 | D        | Killed Gastronok
  2877 | D        | Reached XP level 12. HP: 95/122 MP: 18/24
  2979 | D        | Noticed a soul eater
  2979 | D        | Noticed a frost giant
  2982 | D        | Noticed a death knight
  2983 | D        | Noticed a vampire mage
  2983 | D        | Killed a soul eater
  2984 | D        | Killed a frost giant
  2984 | D        | Reached skill level 15 in Armour
  2984 | D        | Reached skill level 15 in Shields
  2987 | D        | Killed a death knight
  2994 | D        | Killed a vampire mage
  3007 | D        | Noticed a white draconian
  3010 | D        | Killed a white draconian
  3110 | D        | Noticed a sphinx
  3114 | D        | Gained Oruk as an ally
  3118 | D        | Killed a sphinx
  3119 | D        | Noticed a purple draconian
  3121 | D        | Killed a purple draconian
  3146 | D        | Reached XP level 13. HP: 99/132 MP: 7/26
  3154 | D        | Gained mutation: You tend to lose your temper in combat. [a neqoxec]
  3162 | D        | Noticed a stone giant
  3167 | D        | Killed a stone giant
  3199 | D        | Got the +0 pair of boots "Enexehoa" {rCorr Dex+5 SInv}
  3215 | D        | Got the +1 hand axe of Qobaz {protect, +Rage rElec MR+ Str-3}
  3371 | D        | Noticed an orc warlord
  3371 | D        | Noticed an orc warlord
  3376 | D        | Killed an orc warlord
  3414 | D        | Noticed a yaktaur captain
  3415 | D        | Killed a yaktaur captain
  3445 | D        | Noticed a vault guard
  3448 | D        | Killed a vault guard
  3452 | D        | Noticed a vault guard
  3453 | D        | Noticed a deep elf blademaster
  3456 | D        | Killed a deep elf blademaster
  3457 | D        | Noticed a dire elephant
  3463 | D        | Killed a vault guard
  3467 | D        | Killed a dire elephant
  3614 | D        | Reached XP level 14. HP: 138/146 MP: 28/28
  3788 | D        | Got the +8 morningstar "Soeg Imiko" {venom, rN+++ Str-3 Dex-3 SInv}
  3805 | D        | Got the +7 dagger of Sak Buif {venom, Int+6}
  3998 | D        | Gained Boghold as an ally
  4002 | D        | Noticed a balrug
  4003 | D        | Killed a balrug
  4015 | D        | Noticed a deep elf annihilator
  4015 | D        | Noticed a green draconian
  4017 | D        | Killed a deep elf annihilator
  4020 | D        | Noticed Cerebov
  4020 | D        | Noticed a nagaraja
  4021 | D        | Noticed a bone dragon
  4021 | D        | Killed a green draconian
  4027 | D        | Noticed a daeva
  4036 | D        | Killed a nagaraja
  4036 | D        | Gained Bogbrand as an ally
  4044 | D        | Your ally Oruk died
  4048 | D        | Your ally Argrim died
  4050 | D        | Killed a bone dragon
  4057 | D        | HP: 3/148 [daeva/divine providence (11)]
  4058 | D        | Your ally Boghold died
  4058 | D        | Killed a daeva
  4059 | D        | Noticed a Tzitzimitl
  4059 | D        | Killed from afar by Cerebov

Vault maps used:
D:        pitsprint

Skill      XL: |  1  2  3  4  5  6  7  8  9 10 11 12 13 14 |
---------------+-------------------------------------------+-----
Axes           | 3 4 6 7 10 11 13 14 16 18 20 21 | 21.7
Fighting       | 4 6 7 9 11 12 13 15 17 19 20 | 20.3
Shields        | 4 6 9 10 11 13 14 16 17 19 | 19.0
Invocations    | 1 2 5 6 9 11 12 14 16 18 20 21 | 21.4
Armour         | 4 6 8 9 10 11 12 14 16 17 18 | 18.9

Action                   |  1- 3 |  4- 6 |  7- 9 | 10-12 | 13-15 || total
-------------------------+-------+-------+-------+-------+-------++-------
Melee: War axe           |    45 |    47 |    21 |       |       ||   113
       Broad axe         |       |       |    26 |   136 |   105 ||   267
Invok: Smiting           |       |     1 |     9 |    42 |    50 ||   102
       Resurrection      |       |       |       |     3 |     3 ||     6
       Recall Orcish Fol |       |       |       |       |     2 ||     2
       Give Item to Name |       |       |       |       |     2 ||     2
  Use: Potion            |     4 |       |     1 |    11 |    15 ||    31
       Scroll            |       |       |       |     8 |     1 ||     9
 Stab: Distracted        |       |       |       |     2 |       ||     2
       Petrified         |       |       |       |       |     2 ||     2
  Eat: Meat ration       |       |     2 |       |     2 |       ||     4
Armor: Scale mail        |    25 |       |       |       |       ||    25
       Chain mail        |       |    40 |    32 |    58 |    43 ||   173
Dodge: Dodged            |    12 |    19 |    20 |    52 |    24 ||   127
Block: Shield            |    34 |    29 |    36 |   113 |    56 ||   268
       Large shield      |       |       |       |       |    41 ||    41

Table legend:
 A = Spawn XP
 B = Non-spawn XP
 C = Spawn XP percentage of total XP
 D = Spawn monster count
 E = Non-spawn monster count
 F = Spawn count percentage of total count
 G = Total turns spent on level
                    A         B        C        D         E        F      G
               +---------+---------+-------+---------+---------+-------+---------
         Total |       0 |   72836 |   0.0 |       0 |     169 |   0.0 |  4059
               +---------+---------+-------+---------+---------+-------+---------
             D |       0 |   72836 |   0.0 |       0 |     169 |   0.0 |  4059
               +---------+---------+-------+---------+---------+-------+---------
